 Dungeon Crawl Stone Soup version 0.19-a0-1223-gf83d13a (webtiles) character file.

19 Geppetto the Digger (level 2, -5/16 HPs)
             Began as a Gargoyle Earth Elementalist on Aug 24, 2016.
             Slain by an iguana (11 damage)
             ... on level 4 of the Dungeon.
             The game lasted 00:05:14 (1455 turns).

Geppetto the Digger (Gargoyle Earth Elementalist)   Turns: 1455, Time: 00:05:15

Health: -5/16      AC:  4    Str: 11    XL:     2   Next: 75%
Magic:  3/5        EV: 12    Int: 15    God:
Gold:   33         SH:  0    Dex: 10    Spells: 2 memorised, 2 levels left

rFire  . . .     SeeInvis .     b - 59 stones
rCold  . . .     Gourm    .     c - +0 robe
rNeg   + . .     Faith    .     (no shield)
rPois  ∞         Spirit   .     (no helmet)
rElec  +         Dismiss  .     (no cloak)
rCorr  .         Reflect  .     (no gloves)
MR     .....     Harm     .     (no boots)
Stlth  ++........               (no amulet)
                                (no ring)
                                (no ring)

@: no status effects
A: negative energy resistance 1, electricity resistance, unbreathing,
petrification resistance, rot immunity, AC +2
a: no special abilities


You were on level 4 of the Dungeon.
You were not hungry.

You visited 1 branch of the dungeon, and saw 3 of its levels.

You collected 33 gold pieces.

Inventory:

Hand Weapons
 l - a +0 mace
Missiles
 b - 59 stones (in hand)
Armour
 c - a +0 robe (worn)
Jewellery
 f - an uncursed amulet of rage {unknown}
Scrolls
 k - a scroll of blinking {unknown}
 m - a scroll of recharging {unknown}
Potions
 g - 2 potions of flight {unknown}
 i - a potion of heal wounds
 j - 2 potions of curing
Books
 e - a book of Geomancy

   Spells                             Type                      Level
   a - Sandblast                      Earth                        1
   b - Passwall                       Transmutation/Earth          2
   c - Stone Arrow                    Conjuration/Earth            3
   d - Petrify                        Transmutation/Earth          4
   e - Lee's Rapid Deconstruction     Earth                        5
Comestibles
 a - a royal jelly
 d - a bread ration
 h - a slice of pizza
 n - a chunk of flesh


   Skills:
 + Level 0.4 Fighting
 - Level 1.5 Dodging
 - Level 2.1 Stealth
 - Level 2.0 Spellcasting
 - Level 0.7 Transmutations
 * Level 4.6 Earth Magic


You had 2 spell levels left.
You knew the following spells:

 Your Spells              Type           Power        Failure   Level  Hunger
a - Sandblast             Erth           ###...       3%          1    #......
b - Passwall              Tmut/Erth      #.........   12%         2    ###....


Dungeon Overview and Level Annotations

Branches:
Dungeon (2/15)

Altars:


Innate Abilities, Weirdness & Mutations

You are resistant to torment.
Your stone body is resilient. (AC +2)
You are immune to poison.
You resist negative energy. (rN+)
You are resistant to electric shocks. (rElec)
You can survive without breathing.
You are immune to petrification.
You are immune to rotting.


Message History

b - 61 stones (in hand)
The iguana closely misses you.
Casting: Sandblast
Confirm with . or Enter, or press ? or * to list all spells.
Aiming: Sandblast
Press: ? - help, Shift-Dir - straight line, f - iguana
Aim: an iguana (lightly wounded)
The rocky blast hits the iguana.
The iguana is heavily wounded.
The iguana barely misses you.
Casting: Sandblast
Confirm with . or Enter, or press ? or * to list all spells.
Aiming: Sandblast
Press: ? - help, Shift-Dir - straight line, f/p - iguana
Aim: an iguana (heavily wounded)
The rocky blast hits the iguana.
The iguana is almost dead.
The iguana bites you!
Ouch! That really hurt!
You die...

#.#.# #.#.# #.#.#
#.#.##########
#.#..........#
#.#.####.##.##
#.#.#.......#
#.#.#.##.#.##
#.@........#
########l#.##.#.#
............#.#.#
#######.##..#.# #
#.##..#.#
#a##)...#
......#..
........#. .#..
###


You could see an iguana.

Vanquished Creatures
  2 giant geckos (D:1)
  A ball python (D:2)
  2 bats (D:1)
  5 kobolds
  3 giant newts
  2 goblins (D:1)
  2 rats (D:1)
17 creatures vanquished.

Notes
Turn   | Place    | Note
-------+----------+-------------------------------------------
     0 | D:1      | Geppetto the Gargoyle Earth Elementalist began the quest for the Orb.
     0 | D:1      | Reached XP level 1. HP: 10/10 MP: 3/3
   360 | D:1      | Reached skill level 4 in Earth Magic
   427 | D:1      | Reached XP level 2. HP: 11/15 MP: 5/5
  1120 | D:1      | Learned a level 2 spell: Passwall
  1429 | D:2      | You fall through a shaft for 2 floors!
  1455 | D:4      | Slain by an iguana

Vault maps used:
D:1:      dpeg_arrival_tiny_c, serial_glass, glass_columns_b, glass_columns_b
D:4:      grunt_dithmenos_shadows

Skill      XL: |  1 |
---------------+----+-----
Earth Magic    | 4 |  4.6
Fighting       | |  0.4
Dodging        | |  1.5
Stealth        | |  2.1
Spellcasting   | |  2.0
Transmutations | |  0.7

Action                   || total
-------------------------++-------
Melee: Dagger            ||    45
       Unarmed           ||     4
       Mace              ||    23
 Cast: Sandblast         ||     9
  Use: Scroll            ||     6
 Stab: Sleeping          ||     3
  Eat: Chunk             ||     2
Armor: Robe              ||    28
Dodge: Dodged            ||    55
